AoeStats
← Eenoon

African Clearing

510580283Analyzed
4v4 RM · 13h ago on Oct 1, 2026· 58m 26s· 8 players
Game mode
Random Map
Map size
Large (8 player)
Population
200
Speed
Normal
Resources
Standard
Victory
Conquest
Starting age
Dark Age
Ending age
Imperial Age
RankedLock teamsTeams togetherTeam positionsShared explorationLock speedFull tech treeHidden civsTurbo modeCheats
Victory
Defeat
🇲🇽 Vietnamese · Mexico
1208
+13
🇪🇸 Mongols · Spain
1202
+13
🇦🇹 Aztecs · Austria
1166
+15
🇦🇷 Saxons · Argentina
1159
+15
🇨🇳 Bulgarians · China
1216
-16
🇨🇳 Slavs · China
1137
-14
🇫🇷 Vietnamese · France
1106
-13
🇩🇰 Varangians · Denmark
1105
-13
b² - 4ac
4:19 Loom
15:39 Feudal Age
19:51 Castle Age
28:36 Wheelbarrow
35:58 Fletching
47:13 Hand Cart
Cabeza
4:40 Loom
12:59 Feudal Age
14:34 Fletching
16:52 Stone Mining
21:12 Double-Bit Axe
28:58 Castle Age
Leopard
6:33 Loom
13:30 Feudal Age
14:55 Double-Bit Axe
17:37 Castle Age
15:47 Horse Collar
18:59 Bow Saw
19:14 Heavy Plow
22:19 Fletching
24:07 Wheelbarrow
23:18 Town Watch
26:37 Gold Mining
33:28 Imperial Age
31:09 Bodkin Arrow
31:59 Padded Archer Armor
33:39 Hand Cart
33:43 Leather Archer Armor
34:11 Bracer
35:13 Chemistry
34:54 Husbandry
35:05 Bloodlines
35:38 Conscription
35:58 Ballistics
36:25 Gold Shaft Mining
35:41 Stone Mining
36:18 Thumb Ring
37:16 Parthian Tactics
36:59 Scale Barding Armor
38:17 Drill
37:25 Capped Ram
38:17 Elite Mangudai
39:19 Siege Ram
42:06 Masonry
42:01 Siege Engineers
42:44 Chain Barding Armor
42:34 Forging
41:47 Light Cavalry
42:46 Hussar
45:01 Hoardings
46:13 Iron Casting
46:27 Coinage
48:01 Banking
48:14 Nomads
49:13 Murder Holes
56:03 Blast Furnace
odys1998
4:46 Loom
14:17 Feudal Age
17:19 Fletching
19:46 Castle Age
20:43 Crossbowman
21:21 Horse Collar
22:12 Stone Mining
22:14 Gold Mining
24:27 Padded Archer Armor
24:23 Bodkin Arrow
25:31 Gold Shaft Mining
30:01 Pikeman
30:42 Squires
30:44 Scale Mail Armor
30:54 Forging
32:00 Leather Archer Armor
32:58 Double-Bit Axe
34:22 Elite Skirmisher
35:25 Chain Mail Armor
36:28 Ballistics
37:52 Wheelbarrow
38:11 Stone Mining
39:44 Hand Cart
39:32 Heavy Plow
41:38 Treadmill Crane
45:28 Imperial Age
42:47 Arson
43:50 Bow Saw
48:18 Conscription
48:33 Arbalester
49:14 Bracer
50:20 Chemistry
52:05 Garland Wars
53:13 Plate Mail Armor
53:19 Iron Casting
52:52 Siege Engineers
52:53 Elite Jaguar Warrior
54:07 Capped Ram
56:34 Imperial Skirmisher
Eenoon
15:15 Feudal Age
13:34 Loom
20:12 Castle Age
18:34 Stone Mining
19:12 Fletching
21:11 Wheelbarrow
21:26 Double-Bit Axe
24:04 Bodkin Arrow
25:18 Gold Mining
27:24 Hand Cart
29:28 Chatras
32:40 Horse Collar
34:31 Heavy Plow
36:35 Elite Skirmisher
38:55 Padded Archer Armor
41:06 Leather Archer Armor
41:12 Thumb Ring
43:12 Ballistics
阿酷丶
4:41 Loom
15:00 Feudal Age
15:06 Man-at-Arms
16:20 Double-Bit Axe
17:01 Scale Mail Armor
17:12 Forging
24:08 Castle Age
22:48 Wheelbarrow
25:02 Squires
24:24 Long Swordsman
25:48 Gold Mining
27:17 Gold Shaft Mining
26:53 Bow Saw
36:00 Hand Cart
41:22 Imperial Age
42:03 Iron Casting
41:43 Chain Mail Armor
41:33 Two-Handed Swordsman
43:34 Blast Furnace
42:37 Champion
44:54 Conscription
44:36 Druzhina
46:22 Two-Man Saw
45:03 Horse Collar
48:17 Plate Mail Armor
49:12 Elite Skirmisher
49:44 Fletching
49:54 Padded Archer Armor
49:56 Elite Boyar
50:47 Pikeman
53:40 Halberdier
不知天上水
15:44 Feudal Age
16:24 Town Watch
21:30 Castle Age
20:36 Double-Bit Axe
25:36 Scale Barding Armor
25:44 Scale Mail Armor
27:51 Chain Barding Armor
28:14 Horse Collar
30:37 Forging
31:17 Scale Mail Armor
31:57 Iron Casting
33:22 Bloodlines
34:15 Husbandry
37:29 Wheelbarrow
38:27 Heavy Plow
38:42 Bow Saw
43:49 Imperial Age
41:36 Hand Cart
42:30 Gold Mining
43:58 Cavalier
46:07 Gold Shaft Mining
45:22 Stone Mining
47:29 Stone Mining
47:20 Elite Konnik
50:31 Plate Barding Armor
50:56 Blast Furnace
49:57 Loom
52:36 Fletching
52:47 Padded Archer Armor
54:14 Elite Skirmisher
55:03 Thumb Ring
55:13 Bodkin Arrow
55:41 Imperial Skirmisher
dir singlerebs
4:50 Loom
14:40 Feudal Age
14:45 Man-at-Arms
15:43 Arson
24:40 Wheelbarrow
27:10 Castle Age
24:59 Double-Bit Axe
26:12 Horse Collar
27:47 Bloodlines
27:45 Scale Barding Armor
27:50 Forging
36:42 Hand Cart
36:12 Town Watch
37:46 Iron Casting
37:32 Chain Barding Armor
38:34 Husbandry
46:23 Fletching
49:07 Imperial Age
47:15 Vendel Legacy
48:52 Bodkin Arrow
50:32 Cavalier
Connection lost

Rejoining the realm…

Still unreachable

The connection could not be restored.

Session expired

The server has moved on; the page needs a fresh start.